 Dungeon Crawl Stone Soup version 0.19.1 (webtiles) character file.

39 nikopol the Skirmisher (level 3, -5/24 HPs)
             Began as a Gargoyle Berserker on Dec 24, 2016.
             Was a Follower of Trog.
             Killed by divine providence
             ... invoked by an orc priest
              (9 damage)
             ... on level 3 of the Dungeon.
             The game lasted 00:02:42 (1131 turns).

nikopol the Skirmisher (Gargoyle Berserker)         Turns: 1131, Time: 00:02:43

Health: -5/24      AC: 11    Str: 20    XL:     3   Next: 45%
Magic:  3/3        EV: 10    Int:  7    God:    Trog [*.....]
Gold:   102        SH:  0    Dex: 10    Spells: 0 memorised, 2 levels left

rFire  . . .     SeeInvis .     a - +0 hand axe
rCold  . . .     Gourm    .     j - +0 scale mail (curse)
rNeg   + . .     Faith    .     (no shield)
rPois  ∞         Spirit   .     (no helmet)
rElec  +         Reflect  .     (no cloak)
rCorr  .         Harm     .     n - +0 pair of gloves
MR     .....                    (no boots)
Stlth  ..........               (no amulet)
                                (no ring)
                                (no ring)

@: no status effects
A: negative energy resistance 1, electricity resistance, unbreathing,
petrification resistance, rot immunity, AC +3
a: Berserk, Burn Spellbooks, Renounce Religion


You were on level 3 of the Dungeon.
You worshipped Trog.
Trog was aware of your devotion.
You were not hungry.

You visited 1 branch of the dungeon, and saw 3 of its levels.

You collected 102 gold pieces.

Inventory:

Hand Weapons
 a - a +0 hand axe (weapon)
Armour
 b - a +0 animal skin
 g - a +0 scale mail
 j - a cursed +0 scale mail (worn)
 n - a +0 pair of gloves (worn)
Jewellery
 h - a cursed -5 ring of strength {unknown}
 i - an uncursed ring of flight {unknown}
Wands
 q - a wand of random effects (12/48)
Scrolls
 d - 2 scrolls of remove curse {unknown}
 l - 3 scrolls of identify {unknown}
 m - a scroll of teleportation {unknown}
 p - a scroll of blinking {unknown}
 r - a scroll of immolation {unknown}
Potions
 e - 3 potions of degeneration {unknown}
 k - a potion of invisibility {unknown}
Comestibles
 c - 3 bread rations
 f - 3 fruits
 o - a meat ration
 s - 4 chunks of flesh


   Skills:
 + Level 3.8 Fighting
 + Level 3.1 Axes
 + Level 2.6 Armour
 + Level 1.9 Dodging


You had 2 spell levels left.
You didn't know any spells.

Dungeon Overview and Level Annotations

Branches:
Dungeon (3/15)

Altars:


Innate Abilities, Weirdness & Mutations

You are resistant to torment.
Your stone body is resilient. (AC +3)
You are immune to poison.
You resist negative energy. (rN+)
You are resistant to electric shocks. (rElec)
You can survive without breathing.
You are immune to petrification.
You are immune to rotting.


Message History

You see here a stone.
The bat hits you but does no damage.
The orc throws a stone.
The stone hits you but does no damage.
You see here a stone.
The bat barely misses you.
The orc throws a stone.
The stone hits you but does no damage.
You see here a stone.
The bat barely misses you. The bat barely misses you.
The bat barely misses you. The bat barely misses you.
The bat hits you but does no damage. The bat closely misses you.
The bat closely misses you. The bat hits you but does no damage.
The bat barely misses you. The bat closely misses you.
The orc priest invokes the aid of Beogh against you.
Beogh smites you!
You die...

##.......# .# #. #.... ...#
#<...#.#. ...#. #...# #..
......... #.#.# #...# #.#
.......## .... #...# #..##
.......# #..###...# #... #.....##
#...#...# ###r† .......#####
#......# ###o((#
.....).....########...or###...###
......>###..†...@.b...##.o.(###
#.....## ############.##.####
##...## #....# ##### ######


You could see an orc priest, a bat and a rat.

Vanquished Creatures
  2 dart slugs
  4 leopard geckos
  An orc (D:3)
  5 giant cockroaches
  6 jackals
  2 kobolds (D:2)
  A bat (D:2)
  2 frilled lizards (D:1)
  5 rats
28 creatures vanquished.

Notes
Turn   | Place    | Note
-------+----------+-------------------------------------------
     0 | D:1      | nikopol the Gargoyle Berserker began the quest for the Orb.
     0 | D:1      | Reached XP level 1. HP: 14/14 MP: 1/1
    81 | D:1      | Reached XP level 2. HP: 18/19 MP: 2/2
   645 | D:2      | Reached XP level 3. HP: 24/24 MP: 3/3
  1131 | D:3      | Killed from afar by an orc priest

Skill      XL: |  1  2 |
---------------+-------+-----
Axes           | 3 |  3.1
Fighting       | |  3.8
Armour         | |  2.6
Dodging        | |  1.9

Action                   || total
-------------------------++-------
Melee: Hand axe          ||    97
  Eat: Chunk             ||     1
Armor: Animal skin       ||     7
       Scale mail        ||    59
Dodge: Dodged            ||    73
